 Dungeon Crawl Stone Soup version 0.24-a0-615-g751f86b5a9 (webtiles) character file.

Game seed: 2090213841685650491, levelgen mode: deterministic

281842 KapersCrawl the Unseen (level 19, 0/98 HPs)
             Began as a Spriggan Enchanter on Aug 30, 2019.
             Was the Champion of Wu Jian.
             Slain by an Executioner (16 damage)
             ... summoned by a deep elf demonologist
             ... on level 3 of the Elven Halls on Sept 13, 2019.
             The game lasted 05:11:49 (62180 turns).

KapersCrawl the Unseen (Spriggan Enchanter)        Turns: 62180, Time: 05:11:49

Health: 0/98       AC:  3    Str:  4    XL:     19   Next: 72%
Magic:  39/40      EV: 32    Int: 25    God:    Wu Jian [******]
Gold:   1643       SH: 11    Dex: 19    Spells: 14/50 levels left

rFire    + . .     SeeInvis +   a - +9 rapier (flame)
rCold    + + .     Gourm    .   Y - +2 buckler
rNeg     + . .     Faith    +   f - +1 robe {Archmagi}
rPois    .         Spirit   .   (helmet restricted)
rElec    +         Reflect  .   W - scarf {rC+ rF+}
rCorr    +         Harm     .   (gloves unavailable)
MR       ++++.                  (boots unavailable)
Stlth    ++++++....             X - amulet of faith
HPRegen  0.26/turn              A - ring of positive energy
MPRegen  0.27/turn              T - ring "Gytziq" {rElec rC+ MR+ rCorr Int+3, =R}

@: about to teleport, very slightly contaminated, deflect missiles, very quick
A: very small, unfitting armour, see invisible, herbivore, speed 3, slow
metabolism 2
}: 2/15 runes: serpentine, barnacled
a: Wall Jump, Serpent's Lash, Heavenly Storm, Renounce Religion


You were on level 3 of the Elven Halls.
You worshipped Wu Jian.
Wu Jian was exalted by your worship.
You were hungry.

You visited 8 branches of the dungeon, and saw 36 of its levels.
You also visited: Ice Cave, Volcano and Desolation.

You collected 3867 gold pieces.
You spent 2224 gold pieces at shops.

Inventory:

Hand Weapons
 a - a +9 rapier of flaming (weapon)
Missiles
 t - 13 silver boomerangs (quivered)
 Z - 16 throwing nets
Armour
 f - a +1 robe of the Archmagi (worn)
 U - a scarf of spirit shield
 W - a scarf of resistance (worn)
 Y - a +2 buckler (worn)
Jewellery
 j - a +4 ring of protection
 A - a ring of positive energy (left hand)
 T - the ring "Gytziq" (right hand) {rElec rC+ MR+ rCorr Int+3, =R}
   (You bought it in a shop on level 15 of the Dungeon)

   [ring of resist corrosion]

   It affects your intelligence (+3).
   It protects you from cold.
   It insulates you from electricity.
   It affects your resistance to hostile enchantments.
   It provides partial protection from all sources of acid and corrosion.
 X - an amulet of faith (around neck)
Wands
 q - a wand of enslavement (19)
 v - a wand of flame (66)
 w - a wand of digging (3)
 x - a wand of polymorph (23)
 z - a wand of paralysis (36)
 G - a wand of iceblast (39)
 H - a wand of scattershot (4)
 I - a wand of clouds (4)
 K - a wand of random effects (87)
 R - a wand of acid (16)
Scrolls
 e - 7 scrolls of teleportation
 k - 2 scrolls of summoning
 n - 8 scrolls of amnesia
 p - 10 scrolls of immolation
 s - 4 scrolls of fog
 u - 14 scrolls of remove curse
 y - 3 scrolls of blinking
 C - a scroll of torment
 E - 7 scrolls of identify
 L - 3 scrolls of fear
 N - 4 scrolls of holy word
 O - a scroll of silence
 S - 2 scrolls of brand weapon
Potions
 c - 6 potions of mutation
 g - 10 potions of curing
 i - 5 potions of heal wounds
 l - 8 potions of agility
 m - 4 potions of flight
 o - 6 potions of brilliance
 r - 7 potions of magic
 B - 2 potions of resistance
 D - 10 potions of might
 F - 4 potions of invisibility
 J - 5 potions of lignification
 P - 3 potions of cancellation
 Q - 4 potions of haste
 V - 3 potions of ambrosia
Miscellaneous
 b - a fan of gales (inert)
 h - a phial of floods (inert)
 M - a lamp of fire
Comestibles
 d - 33 rations


   Skills:
 + Level 10.2 Fighting
 - Level 14.0 Short Blades
 * Level 6.5 Armour
 - Level 15.0 Dodging
 - Level 16.1 Stealth
 + Level 8.7 Shields
 + Level 16.1 Spellcasting
 - Level 14.0 Hexes
 - Level 14.0 Charms
 + Level 5.1 Necromancy
 - Level 4.2 Translocations
 + Level 4.8 Ice Magic
 - Level 8.0 Air Magic
 - Level 12.0 Evocations


You had 14 spell levels left.
You knew the following spells:

 Your Spells              Type           Power        Failure   Level  Hunger
a - Confusing Touch       Hex            ######       0%          1    None
b - Ensorcelled Hibernat  Hex/Ice        ######       1%          2    None
c - Confuse               Hex            #######.     1%          3    None
d - Dazzling Spray        Conj/Hex       ######       1%          3    None
e - Apportation           Tloc           ######       1%          1    None
f - Corona                Hex            #######      0%          1    None
g - Blink                 Tloc           N/A          1%          2    None
h - Darkness              Hex            #######...   1%          6    ####...
j - Airstrike             Air            ######....   1%          4    None
I - Shroud of Golubria    Chrm/Tloc      ######       1%          2    None
L - Swiftness             Chrm/Air       #######.     1%          2    None
O - Regeneration          Chrm/Necr      #######...   1%          3    None
P - Deflect Missiles      Chrm/Air       #######...   4%          6    ####...

Your spell library contained the following spells:

 Spells                   Type           Power        Failure   Level  Hunger
 Infusion                 Chrm           ####         0%          1    None
 Slow                     Hex            #######.     0%          2    None
 Song of Slaying          Chrm           #######.     0%          2    None
 Animate Skeleton         Necr           N/A          1%          1    None
 Freeze                   Ice            ####         1%          1    None
 Shock                    Conj/Air       ####         1%          1    None
 Poisonous Vapours        Pois/Air       ######       1%          2    None
 Sublimation of Blood     Necr           ######....   1%          2    None
 Throw Frost              Conj/Ice       #####.       1%          2    None
 Ozocubu's Armour         Chrm/Ice       #######.     1%          3    None
 Spectral Weapon          Hex/Chrm       #######.     1%          3    None
 Static Discharge         Conj/Air       ######..     1%          3    None
 Tukima's Dance           Hex            #######.     1%          3    None
 Fulminant Prism          Conj/Hex       ######....   1%          4    None
 Silence                  Hex/Air        #######...   1%          5    None
 Magic Dart               Conj           ####         2%          1    None
 Summon Small Mammal      Summ           ####         2%          1    None
 Mephitic Cloud           Conj/Pois/Air  ######..     2%          3    None
 Call Imp                 Summ           ####....     4%          2    None
 Searing Ray              Conj           ####..       4%          2    None
 Summon Lightning Spire   Summ/Air       ######..     4%          4    None
 Conjure Flame            Conj/Fire      ####....     8%          3    None
 Ignite Poison            Fire/Tmut/Pois ####....     8%          3    None
 Summon Ice Beast         Ice/Summ       #####...     10%         4    None
 Throw Icicle             Conj/Ice       #####...     10%         4    None
 Force Lance              Conj/Tloc      #####...     11%         4    None
 Lightning Bolt           Conj/Air       ######....   14%         5    None
 Iskenderun's Mystic Bla  Conj           ####....     26%         4    None
 Petrify                  Tmut/Erth      ####....     26%         4    None
 Borgnjor's Vile Clutch   Necr/Erth      #####.....   26%         5    None
 Freezing Cloud           Conj/Ice/Air   ######....   56%         6    ####...
 Alistair's Intoxication  Tmut/Pois      ####....     58%         5    None
 Irradiate                Conj/Tmut      ####......   58%         5    None
 Conjure Ball Lightning   Conj/Air       ######....   61%         6    ####...
 Ring of Flames           Chrm/Fire      ######....   77%         7    #####..
 Hydra Form               Tmut           ####......   99%         6    ####...
 Shadow Creatures         Summ           N/A          99%         6    ####...
 Statue Form              Tmut/Erth      ####.....    99%         6    ####...
 Dragon Form              Tmut           ####......   100%        7    #####..
 Tornado                  Air            ######....   100%        9    #######


Dungeon Overview and Level Annotations

Branches:
Dungeon (15/15)            Temple (0/1) D:5            Lair (6/6) D:9
 Shoals (4/4) Lair:3        Snake (4/4) Lair:2        Slime (0/5) Lair:6
    Orc (2/2) D:10            Elf (3/3) Orc:2        Vaults (1/5) D:13
 Depths (1/5) D:15          IceCv (visited)         Volcano (visited)
Desolation (visited)

Altars:
Cheibriados
Dithmenos
Elyvilon
Fedhas
Gozag
Kikubaaqudgha
Nemelex Xobeh
Qazlal
Ru
Sif Muna
Uskayaw
Wu Jian
Jiyva

Shops:
D:7 }   D:11 (   D:14 !   D:15 =   Orc:2 (}(*:(%*!   Elf:1 *   Shoals:3 *
Shoals:4 %

Annotations:
D:3 exclusion: downstairs
D:7 exclusion: downstairs
D:11 exclusion: downstairs
Snake:1 exclusion: Roxanne, Roxanne
Depths:1 exclusion: orange crystal statue


Innate Abilities, Weirdness & Mutations

You are very small and have problems with some larger weapons.
You are too small for most types of armour.
You have supernaturally acute eyesight. (SInv)
You are a herbivore.
You cover ground extremely quickly.
You need to consume almost no food.


Message History

The Executioner barely misses you.
Unknown command.
You block the Executioner's attack. The Executioner hits you.
The Executioner completely misses you. x3; You block the Executioner's attack.
The Executioner completely misses you. The Executioner closely misses you.
The Executioner hits you.
* * * LOW HITPOINT WARNING * * *
Unknown command.
The Executioner hits you!
* * * LOW HITPOINT WARNING * * *
You block the Executioner's attack. The Executioner misses you.
Unknown command.
Blink to where?
Press: ? - help, Dir - move target cursor, p - Executioner You are very lightly contaminated with residual magic.
As you read the scroll of blinking, it crumbles to dust.
As you read the scroll of teleportation, it crumbles to dust.
You feel strangely unstable. The Executioner hits you!
You die...

#≈# #≈# #.# #E# #.#
#.# ####(#### #1#
#.......# #.#
###.......# #.#
........#.#########.#
###..#..........@1.^#
#.....#.###########
#.#####.# #.#####.#
#.......# #########


You could see an Executioner.

Vanquished Creatures
  A deep elf master archer (Elf:3)
  A deep elf blademaster (Elf:3)
  A tengu reaver (D:14)
  Donald (Snake:4)
  5 nagarajas
  2 deep elf sorcerers
  A stone giant (Orc:2)
  Azrael (Orc:2)
  A halazid warlock (Desolation)
  4 deep elf demonologists (Elf:3)
  9 deep elf annihilators
  6 deep elf death magi
  2 merfolk javelineers (Shoals:4)
  A fire dragon (Volcano)
  9 merfolk impalers
  A yaktaur captain (D:15)
  3 ragged hierophants (Desolation)
  A deep elf high priest (Elf:3)
  Josephine (D:11)
  The ghost of Gyuroy the Arsonist, a journeyman DEFE of Vehumet (D:14)
  12 naga warriors
  8 peacekeepers (Desolation)
  2 alligator snapping turtles (Shoals:4)
  3 hydras
  5 servants of whispers (Desolation)
  3 centaur warriors
  21 anacondas
  14 two-headed ogres
  2 alligators (Snake:1)
  3 merfolk aquamancers
  3 satyrs (Shoals:4)
  4 ogre magi
  A merfolk avatar (Shoals:4)
  A queen ant (Lair:2)
  Erica (D:11)
  24 dancing weapons
  Urug (D:13)
  7 orc high priests
  10 shock serpents
  2 tengu warriors
  Sonja (D:10)
  8 deep elf knights
  7 naga sharpshooters
  An unseen horror (Vaults:1)
  A skeletal warrior (D:14)
  6 sea snakes
  8 naga ritualists
  7 salamander mystics (Snake:4)
  A swamp dragon (Snake:1)
  A glowing orange brain (Depths:1)
  5 lindwurms
  A wizard (Vaults:1)
  4 deep elf archers
  6 orc knights
  Pikel (D:5)
  14 harpies
  An ironbrand convoker (Vaults:1)
  41 deep elf magi
  8 mana vipers
  7 cyclopes
  3 orc sorcerers
  7 ugly things
  A moth of wrath (shapeshifter) (Elf:1)
  7 fauns
  6 salamanders
  An ice statue (IceCv)
  17 manticores
  4 elephants (Lair:3)
  13 merfolk sirens
  Joseph (D:8)
  19 naga magi
  A black mamba (shapeshifter) (D:15)
  35 black mambas
  5 water nymphs
  A molten gargoyle (Volcano)
  A gargoyle (D:15)
  9 guardian serpents
  10 spiny frogs
  A kobold demonologist (D:14)
  An efreet (D:14)
  4 ice devils (IceCv)
  5 rime drakes
  A rime drake (shapeshifter) (D:13)
  A freezing wraith (IceCv)
  7 komodo dragons
  A yaktaur (D:15)
  An anaconda simulacrum (IceCv)
  A yaktaur (shapeshifter) (Elf:1)
  A harpy zombie (D:13)
  5 tengu conjurers (D:15)
  39 merfolk
  A harpy skeleton (D:11)
  A wolf spider simulacrum (D:14)
  7 wind drakes
  2 hornets
  3 polar bears
  A wind drake (shapeshifter) (Vaults:1)
  6 trolls
  Grinder (D:6)
  40 saltlings
  13 slime creatures
  A hippogriff (shapeshifter) (D:15)
  13 blink frogs
  4 hippogriffs
  17 dream sheep
  9 snapping turtles
  3 centaur simulacra
  A snapping turtle (shapeshifter) (Vaults:1)
  10 spriggans (Lair:6)
  2 air elementals (Elf:3)
  7 wraiths
  8 wyverns
  9 water elementals
  4 fire elementals
  Sigmund (D:6)
  A vampire (D:14)
  13 fire bats (Volcano)
  3 hogs (D:7)
  A human (shapeshifter) (Vaults:1)
  49 yaks
  A human (D:7)
  2 basilisks
  2 steam dragons
  A death yak simulacrum (IceCv)
  A hungry ghost (D:9)
  6 vampire mosquitoes
  5 swamp worms (Snake:1)
  16 soldier ants (Lair:2)
  2 iron troll simulacra (IceCv)
  46 nagas
  Edmund (D:6)
  15 water moccasins
  4 harpy simulacra (IceCv)
  5 hell hounds
  A hydra simulacrum (IceCv)
  9 porcupines
  32 orc warriors
  2 sky beasts
  A slave (D:5)
  A black bear (shapeshifter) (Elf:2)
  2 ice beasts
  A hornet zombie (D:10)
  10 black bears
  13 ogres
  15 wolves (Lair:6)
  10 centaurs
  4 boggarts (Lair:6)
  4 phantoms
  7 crocodiles
  3 big kobolds
  15 bullfrogs
  Blork the orc (D:5)
  2 earth elementals
  4 scorpions
  A water moccasin skeleton (D:11)
  5 killer bees (D:11)
  2 swamp dragon simulacra (IceCv)
  9 howler monkeys
  5 wights (D:11)
  2 electric eels (Lair:3)
  3 bullfrog zombies
  5 lava snakes (Volcano)
  5 crimson imps
  6 jellies
  4 hounds
  27 orc priests
  Crazy Yiuf (D:7)
  18 orc wizards
  A bullfrog skeleton (D:7)
  A centaur skeleton (D:5)
  8 iguanas
  A spriggan simulacrum (IceCv)
  2 troll simulacra (IceCv)
  35 worker ants
  A wolf simulacrum (IceCv)
  2 hound zombies
  A worker ant zombie (D:6)
  2 howler monkey zombies
  12 adders
  6 gnolls (Orc:2)
  A howler monkey skeleton (D:9)
  3 naga simulacra (IceCv)
  2 ogre simulacra (IceCv)
  2 shadow imps
  4 white imps (IceCv)
  6 ufetubi (IceCv)
  5 oozes
  2 adder zombies
  An adder skeleton (D:5)
  A worm (D:5)
  A dart slug (D:1)
  4 leopard geckos
  97 orcs
  A bat zombie (D:9)
  6 giant cockroaches
  6 goblins
  5 hobgoblins
  21 jackals
  16 kobolds
  A quokka (D:3)
  A ball python (D:1)
  6 bats
  6 frilled lizards
  A leopard gecko zombie (D:6)
  A quokka skeleton (D:8)
  3 rats
  A rat zombie (D:9)
  A butterfly (Lair:6)
  A plant (Shoals:1)
1363 creatures vanquished.

Vanquished Creatures (others)
  A deep elf knight (Elf:3)
  2 fire bats (Volcano)
  A bullfrog (D:14)
  A worker ant (Lair:2)
  2 ufetubi (IceCv)
  4 fungi
  9 plants
20 creatures vanquished.

Grand Total: 1383 creatures vanquished

Notes
Turn   | Place    | Note
-------+----------+-------------------------------------------
     0 | D:1      | KapersCrawl the Spriggan Enchanter began the quest for the
                  | Orb.
     0 | D:1      | Reached XP level 1. HP: 9/9 MP: 5/5
   362 | D:1      | Reached XP level 2. HP: 13/13 MP: 6/6
   366 | D:1      | Learned a level 2 spell: Ensorcelled Hibernation
  1052 | D:1      | Reached skill level 5 in Stealth
  1797 | D:1      | Reached XP level 3. HP: 16/16 MP: 0/8
  1876 | D:1      | Learned a level 3 spell: Confuse
  2081 | D:1      | Reached skill level 1 in Ice Magic
  2700 | D:2      | Noticed an earth elemental
  2702 | D:2      | Found a stormy altar of Qazlal.
  2703 | D:2      | Noticed a water elemental
  2703 | D:2      | Noticed an air elemental
  2703 | D:2      | Noticed a fire elemental
  2891 | D:2      | Found an ornate altar of the Wu Jian Council.
  2891 | D:2      | Found a shimmering blue altar of Sif Muna.
  2899 | D:2      | Became a worshipper of the Wu Jian Council
  2918 | D:2      | Found a sparkling altar of Nemelex Xobeh.
  3018 | D:2      | Reached XP level 4. HP: 21/21 MP: 4/9
  3531 | D:3      | Reached skill level 5 in Hexes
  4482 | D:3      | Reached XP level 5. HP: 15/24 MP: 7/10
  4918 | D:4      | Noticed an ogre
  4948 | D:4      | Killed an ogre
  5076 | D:4      | Reached * piety under Wu Jian
  5468 | D:4      | Found a blossoming altar of Fedhas.
  5472 | D:4      | Reached XP level 6. HP: 28/28 MP: 11/11
  5958 | D:4      | Found a white marble altar of Elyvilon.
  6038 | D:5      | Entered Level 5 of the Dungeon
  6062 | D:5      | Found a staircase to the Ecumenical Temple.
  6388 | D:5      | Noticed Blork the orc
  6399 | D:5      | Killed Blork the orc
  6481 | D:5      | Reached XP level 7. HP: 25/32 MP: 12/14
  6764 | D:5      | Noticed Pikel
  6906 | D:5      | Killed Pikel
  6906 | D:5      | Reached skill level 5 in Short Blades
  6906 | D:5      | Reached XP level 8. HP: 26/36 MP: 0/15
  7573 | D:6      | Noticed Sigmund
  7576 | D:6      | Killed Sigmund
  7651 | D:6      | Found an opulent altar of Gozag.
  7740 | D:6      | Noticed Edmund
  7748 | D:6      | Killed Edmund
  7783 | D:6      | Reached ** piety under Wu Jian
  7783 | D:6      | Reached skill level 5 in Spellcasting
  8641 | D:6      | Learned a level 2 spell: Blink
  8678 | D:6      | Reached XP level 9. HP: 27/39 MP: 10/17
  8830 | D:6      | Got a creamy pearl robe
  8841 | D:6      | Identified the cursed +0 robe of the Bard {MR+ Str+4} (You
                  | found it on level 6 of the Dungeon)
  8905 | D:6      | Noticed Grinder
  8911 | D:6      | Killed Grinder
  9381 | D:6      | Reached skill level 1 in Translocations
  9731 | D:7      | Found Xophiusse's Gadget Boutique.
  9746 | D:7      | Bought a wand of paralysis (8) for 120 gold pieces
  9778 | D:7      | Reached skill level 5 in Evocations
 10033 | D:7      | Found a hide-covered altar of Uskayaw.
 10542 | D:7      | Found a runed translucent door.
 10542 | D:7      | Noticed Crazy Yiuf
 10569 | D:7      | Found a snail-covered altar of Cheibriados.
 10600 | D:7      | Killed Crazy Yiuf
 11012 | D:8      | Noticed Joseph
 11019 | D:8      | Killed Joseph
 11056 | D:8      | Reached XP level 10. HP: 36/44 MP: 13/20
 11232 | D:8      | Reached *** piety under Wu Jian
 11265 | D:8      | Found a shadowy altar of Dithmenos.
 11450 | D:9      | Found a staircase to the Lair.
 11613 | D:9      | Reached skill level 10 in Evocations
 11789 | D:9      | Found a white marble altar of Elyvilon.
 12321 | D:9      | Found an ancient bone altar of Kikubaaqudgha.
 12359 | D:10     | Entered Level 10 of the Dungeon
 12369 | D:10     | Reached **** piety under Wu Jian
 12849 | D:10     | Noticed Sonja
 12870 | D:10     | Killed Sonja
 12870 | D:10     | Reached skill level 10 in Stealth
 12882 | D:10     | Found a staircase to the Orcish Mines.
 12943 | D:10     | Reached ***** piety under Wu Jian
 13566 | Lair:1   | Entered Level 1 of the Lair of Beasts
 13588 | Lair:1   | Reached XP level 11. HP: 47/47 MP: 18/21
 13593 | Lair:1   | Learned a level 1 spell: Apportation
 13595 | Lair:1   | Learned a level 1 spell: Confusing Touch
 13700 | Lair:1   | Reached skill level 10 in Dodging
 15135 | Lair:2   | Found a staircase to the Snake Pit.
 15278 | Lair:2   | Reached skill level 10 in Hexes
 15810 | Lair:2   | Noticed a queen ant
 16004 | Lair:2   | Killed a queen ant
 16047 | Lair:2   | Reached XP level 12. HP: 40/51 MP: 8/22
 16793 | Lair:3   | Found a staircase to the Shoals.
 17252 | Lair:3   | Noticed a five-headed hydra
 17255 | Lair:3   | Killed a five-headed hydra
 17255 | Lair:3   | Reached skill level 1 in Fighting
 18531 | Lair:4   | Reached skill level 5 in Fighting
 18971 | Lair:4   | Reached ****** piety under Wu Jian
 19651 | Lair:5   | Reached XP level 13. HP: 66/67 MP: 19/27
 20652 | Lair:6   | Entered Level 6 of the Lair of Beasts
 21111 | Lair:6   | Found a runed translucent door.
 21111 | Lair:6   | Found a viscous altar of Jiyva.
 21111 | Lair:6   | Found a staircase to the Slime Pits.
 21643 | Lair:6   | Reached skill level 10 in Short Blades
 21955 | Lair:6   | Learned a level 3 spell: Dazzling Spray
 22691 | Lair:6   | Reached skill level 1 in Shields
 23995 | D:11     | Noticed Erica
 24019 | D:11     | Killed Erica
 24380 | D:11     | Found Houggamn's Weapon Shoppe.
 24719 | D:11     | Noticed Josephine
 24732 | D:11     | Killed Josephine
 24732 | D:11     | Reached skill level 5 in Shields
 24732 | D:11     | Reached XP level 14. HP: 71/72 MP: 28/28
 26394 | Orc:1    | Entered Level 1 of the Orcish Mines
 27058 | Orc:2    | Entered Level 2 of the Orcish Mines
 27091 | Orc:2    | Found Vemoky's Distillery.
 27128 | Orc:2    | Found Nonaxaaq's Assorted Antiques.
 27129 | Orc:2    | Found Xoeckuod's Antique Weapon Shop.
 27139 | Orc:2    | Bought a curved glass wand for 124 gold pieces
 27220 | Orc:2    | Found a dark tunnel.
 27225 | Volcano  | Entered a volcano
 27391 | Volcano  | Found a bloodstained altar of Trog.
 27835 | Orc:2    | Found a staircase to the Elven Halls.
 27859 | Orc:2    | Noticed a stone giant
 27864 | Orc:2    | Noticed Azrael
 27866 | Orc:2    | Killed a stone giant
 28020 | Orc:2    | Killed Azrael
 28364 | Orc:2    | Found Newuatu's Weapon Emporium.
 29017 | Orc:2    | Found Balamyn's Gadget Emporium.
 29829 | Orc:2    | Found Wydiq's Weapon Shop.
 29832 | Orc:2    | Found Qaergh's Food Boutique.
 29833 | Orc:2    | Found Biru's Book Shop.
 29834 | Orc:2    | Found Xicif's General Store.
 30083 | Orc:2    | Bought a book of Dreams for 975 gold pieces
 30090 | Orc:2    | Learned a level 6 spell: Darkness
 30529 | D:13     | Reached XP level 15. HP: 75/75 MP: 29/29
 30563 | D:13     | Found a gate to the Vaults.
 30642 | D:13     | Found a sacrificial altar of Ru.
 30683 | D:13     | You fall into a shaft and drop 1 floor!
 30827 | D:13     | Noticed Urug
 30856 | D:13     | Killed Urug
 30993 | D:14     | Found Sinar's Distillery.
 31013 | D:14     | Identified a scroll of acquirement
 31496 | D:14     | Noticed Gyuroy's ghost (journeyman DEFE)
 31499 | D:14     | Found a runed translucent gate.
 31500 | D:14     | Found a runed translucent gate.
 31504 | D:14     | Found a runed translucent gate.
 31509 | D:14     | Noticed a tengu reaver
 31855 | D:15     | Entered Level 15 of the Dungeon
 32357 | D:15     | Reached skill level 15 in Stealth
 32580 | D:15     | Found Asitel's Jewellery Shoppe.
 32585 | D:15     | Bought the ring "Gytziq" {rElec rC+ MR+ rCorr Int+3} for
                  | 1005 gold pieces
 33073 | D:15     | Found a staircase to the Depths.
 33075 | D:15     | Reached skill level 10 in Spellcasting
 33539 | Snake:1  | Entered Level 1 of the Snake Pit
 33931 | Snake:1  | Noticed Roxanne
 35017 | Snake:2  | Learned a level 6 spell: Deflect Missiles
 35065 | Snake:2  | Reached skill level 1 in Charms
 35228 | Snake:2  | Reached skill level 1 in Air Magic
 35824 | Snake:2  | Noticed a nagaraja
 36581 | Snake:2  | Killed a nagaraja
 36581 | Snake:2  | Reached XP level 16. HP: 57/80 MP: 33/33
 36752 | Snake:2  | Reached skill level 5 in Charms
 38144 | Snake:4  | Entered Level 4 of the Snake Pit
 38213 | Snake:4  | Found a frozen archway.
 38219 | IceCv    | Entered an ice cave
 38530 | IceCv    | Reached skill level 5 in Air Magic
 38938 | IceCv    | Noticed an Ice Fiend
 39517 | Snake:4  | Noticed Donald
 39713 | Snake:4  | Killed Donald
 39837 | Snake:4  | HP: 2/80 [naga sharpshooter/arrow (21)]
 41294 | Snake:4  | Reached skill level 10 in Charms
 42941 | Snake:4  | Reached XP level 17. HP: 78/85 MP: 21/34
 43894 | Snake:4  | Identified the +7 long sword "KapersCrawl's Bane" {drain,
                  | rF+ Str+6}
 44381 | Snake:4  | Got a serpentine rune of Zot
 44737 | Shoals:1 | Entered Level 1 of the Shoals
 46970 | Shoals:3 | Learned a level 4 spell: Airstrike
 46984 | Shoals:3 | Learned a level 3 spell: Regeneration
 46987 | Shoals:3 | Learned a level 2 spell: Swiftness
 46998 | Shoals:2 | Upgraded the game from 0.24-a0-584-g9d6b971ae4 to
                  | 0.24-a0-613-g1ff6aac338
 47112 | Shoals:3 | Reached skill level 1 in Armour
 47186 | Shoals:3 | Found Zyfipui's Assorted Antiques.
 48011 | Elf:1    | Entered Level 1 of the Elven Halls
 48054 | Elf:1    | Found Hehoep's Assorted Antiques.
 48278 | Elf:1    | Reached XP level 18. HP: 92/92 MP: 33/37
 48418 | Elf:1    | Found a shimmering blue altar of Sif Muna.
 49283 | Elf:2    | Found a ruined gateway.
 49324 | Desolati | Entered the Desolation of Salt
 50410 | Desolati | Reached skill level 5 in Armour
 50790 | Desolati | HP: 3/93 [ragged hierophant/a resonance strike (13)]
 51573 | Elf:2    | Found a runed translucent gate.
 51573 | Elf:2    | Found a runed translucent gate.
 51574 | Elf:2    | Found a runed translucent gate.
 51596 | Elf:2    | Reached skill level 10 in Fighting
 55090 | Shoals:4 | Entered Level 4 of the Shoals
 55181 | Shoals:4 | Found Daly's Food Emporium.
 55282 | Shoals:4 | Learned a level 2 spell: Shroud of Golubria
 56717 | Shoals:4 | Reached XP level 19. HP: 95/98 MP: 23/38
 57567 | Shoals:4 | Got a barnacled rune of Zot
 58121 | Elf:1    | Upgraded the game from 0.24-a0-613-g1ff6aac338 to
                  | 0.24-a0-615-g751f86b5a9
 59000 | D:14     | Reached skill level 15 in Dodging
 59003 | D:14     | Killed Gyuroy's ghost
 59313 | Vaults:1 | Entered Level 1 of the Vaults
 59642 | Vaults:1 | Reached skill level 15 in Spellcasting
 59659 | Vaults:1 | Reached skill level 1 in Necromancy
 60233 | Depths:1 | Entered Level 1 of the Depths
 60574 | Elf:3    | Entered Level 3 of the Elven Halls
 61122 | Elf:3    | Identified the cursed +0 mace "Gene" {drain, *Drain rElec
                  | rN++}
 61213 | Elf:3    | Identified the cursed +3 falchion of Ypruost {flame, +Rage
                  | rC++ Int-2 Stlth+}
 61228 | Elf:3    | Identified the cursed +0 robe of Amelioration {rElec Str+3}
 61518 | Elf:3    | Identified the +2 scimitar "Jylojoc" {venom, rN+ Int-3
                  | Dex+2 Stlth+}
 61536 | Elf:3    | Identified the ring "Caugg" {Wiz +Inv Slay+3}
 61555 | Elf:3    | Noticed a Tzitzimitl
 61904 | Elf:3    | Reached skill level 5 in Necromancy
 62180 | Elf:3    | Slain by an Executioner

Levels and vault maps discovered:
D:1:      lemuel_arrival_room, layout_loops_corners, grunt_decor_mini_mirrors,
          minmay_3d_cube
D:2:      layout_rooms, nicolae_qazlal_style_of_elements,
          gammafunk_temple_overflow_pools, nemelex_xobeh_ov_fountains_minmay
D:3:      layout_basic, first_ration
D:4:      layout_rooms, lemuel_round_altar, serial_park_tiny_pond,
          kennysheep_flooded_box
D:5:      minmay_inner_zag, layout_basic, minmay_temple_entry_junction,
          uniq_pikel, uniq_blork_the_orc
D:6:      layout_cave_pods, overflow_temple_1_default, uniq_sigmund,
          uniq_edmund, uniq_grinder
D:7:      layout_basic, nicolae_overflow_crystal_walls,
          eat_drink_and_be_merry_uskayaw, serial_shops,
          nicolae_shop_window_shopping, grunt_livestock, uniq_crazy_yiuf_cottage
D:8:      layout_rooms, kennysheep_mini_moat, serial_rivers,
          chequers_serial_rivers_micro_a, chequers_serial_rivers_micro_c,
          chequers_serial_rivers_micro_b, chequers_serial_rivers_micro_c,
          chequers_serial_rivers_marsh, chequers_serial_rivers_micro_b,
          uniq_joseph
D:9:      layout_roguey, lemuel_zombie_altar_kikubaaqudgha, elyvilon_altar_1
D:10:     layout_roguey, hiddenorc2_lemuel, uniq_sonja
D:11:     nrook_guardian_serpent_snake_passage, layout_long_grid, serial_shops,
          nicolae_shop_stone, uniq_erica, uniq_josephine
D:12:     layout_cave_pools
D:13:     layout_loops_cross, david_vaults_4, basic_altar, uniq_urug
D:14:     layout_irregular_city, gammafunk_ghost_split, serial_bayou_shore_b,
          serial_shops, nicolae_shop_trees, hex_large
D:15:     grunt_enter_depths_snipers, layout_loops_ring, serial_shops, shop,
          minmay_misc_feat_iff
Lair:1:   layout_gridlike
Lair:2:   layout_regular_city, minmay_snake_entry_guardpost_small, st_stairs_4,
          serial_bayou_pond_c, zaba_anthell
Lair:3:   layout_regular_city, elwin_shoals_entry_stream, serial_bayou_pond_c,
          serial_bayou_shore_a
Lair:4:   layout_regular_city
Lair:5:   layout_long_grid
Lair:6:   minmay_lair_end_enchanted_forest, layout_hall_layers, slime_altar_2,
          grunt_megastairs_3, lemuel_fruit_fields, infiniplex_staircase_pool
Shoals:1: layout_shoals
Shoals:2: layout_shoals
Shoals:3: layout_shoals, serial_shops, shop
Shoals:4: shoals_end_grunt_ice, layout_shoals, serial_shops,
          nicolae_shop_competitors_out_of_business, abandoned_shop,
          nicolae_shoals_wave_tunnel
Snake:1:  onia_ninara_swampy_vault, layout_basic, uniq_roxanne
Snake:2:  hangedman_cross_stitches, layout_gridlike
Snake:3:  layout_chambers
Snake:4:  snake_pit_salamanders_mu, layout_cave_town,
          portal_ice_cave_entry_pillars_four, uniq_donald
Orc:1:    layout_diamond_mine
Orc:2:    st_orc_pillars, layout_diamond_mine, nicolae_volcano_entry_s_turn,
          serial_shops, shop, nicolae_shop_competitors_out_of_business, shop,
          nicolae_shop_temple_entry_statues_fountains, shop, uniq_azrael
Elf:1:    minmay_elf_arrival_summoners, layout_gridlike, serial_shops, shop,
          basic_altar, minmay_elf_crystal_hexagon, grunt_ministairs_9
Elf:2:    layout_geoelf_grid, portal_desolation_entry_ruin
Elf:3:    grunt_elf_hall_spiral, layout_loops_corners, serial_shops,
          nicolae_shop_crystal, evilmike_minifort
Vaults:1: hangedman_vaults_variations, ontoclasm_vaults_ring_large,
          ontoclasm_vaults_hangar, ontoclasm_vaults_fault,
          vaults_mumra_minichess, grunt_vaults_hallway_long, v_misc_30,
          vaults_mumra_chevron_long, ontoclasm_vaults_tryst,
          vaults_dpeg_diagonal, vaults_mumra_hex, layout_vaults_quadrants,
          serial_shops, shop_fountains
Depths:1: layout_cave_pools, lightli_too_deep, kennysheep_pointless_box,
          dpeg_stationary_puzzle

Skill      XL: |  1  2  3  4  5  6  7  8  9 10 11 12 13 14 15 16 17 18 19 |
---------------+----------------------------------------------------------+-----
Hexes          | 4 5 11 12 13 14 | 14.0
Stealth        | 5 6 8 9 11 13 15 16 | 16.1
Ice Magic      | 1 3 4 |  4.8
Short Blades   | 2 3 5 8 10 13 14 | 14.0
Spellcasting   | 3 4 5 6 9 12 14 16 | 16.1
Dodging        | 4 6 7 9 11 13 14 15 | 15.0
Translocations | 4 |  4.2
Evocations     | 9 12 | 12.0
Fighting       | 7 9 10 | 10.2
Shields        | 5 7 8 |  8.7
Charms         | 4 11 13 14 | 14.0
Air Magic      | 3 6 8 |  8.0
Armour         | 2 6 |  6.5
Necromancy     | 5 |  5.1

Action                   |  1- 3 |  4- 6 |  7- 9 | 10-12 | 13-15 | 16-18 | 19-21 || total
-------------------------+-------+-------+-------+-------+-------+-------+-------++-------
Melee: Dagger            |   104 |   175 |   270 |   541 |   196 |       |       ||  1286
       Rapier            |       |       |       |       |   947 |  1531 |   477 ||  2955
 Fire: Hunting sling     |       |       |     3 |       |       |       |       ||     3
Throw: Boomerang         |       |     4 |     6 |     1 |    14 |    30 |    29 ||    84
 Cast: Corona            |    19 |    17 |    10 |     3 |       |       |       ||    49
       Ensorcelled Hiber |    28 |    24 |    51 |   151 |   264 |    22 |       ||   540
       Confuse           |     5 |    13 |    23 |    31 |   149 |   314 |    47 ||   582
       Confusing Touch   |       |       |       |     7 |    41 |   102 |    64 ||   214
       Dazzling Spray    |       |       |       |       |    54 |    70 |    11 ||   135
       Blink             |       |       |       |       |     2 |     4 |     2 ||     8
       Apportation       |       |       |       |       |     2 |    23 |     1 ||    26
       Darkness          |       |       |       |       |       |     6 |     3 ||     9
       Airstrike         |       |       |       |       |       |     7 |       ||     7
       Regeneration      |       |       |       |       |       |       |    25 ||    25
       Shroud of Golubri |       |       |       |       |       |       |    25 ||    25
       Deflect Missiles  |       |       |       |       |       |       |     1 ||     1
Invok: Lunge             |     2 |    24 |    31 |   100 |   183 |   203 |    39 ||   582
       Whirlwind         |       |     4 |    52 |   120 |   374 |   449 |   127 ||  1126
       Heavenly Storm    |       |       |       |       |     3 |     3 |     1 ||     7
       Serpent's Lash    |       |       |       |       |     1 |     2 |       ||     3
 Abil: Wall Jump         |       |       |       |       |     2 |     8 |     4 ||    14
Evoke: Wand              |       |       |       |     1 |     8 |     6 |     2 ||    17
       Lamp of fire      |       |       |       |     2 |       |     2 |     1 ||     5
       Fan of gales      |       |       |       |       |       |     1 |     1 ||     2
       Phial of floods   |       |       |       |       |       |       |     1 ||     1
  Use: Scroll            |     3 |     8 |     6 |     9 |    18 |    20 |     3 ||    67
       Potion            |       |       |       |       |     1 |     6 |       ||     7
 Stab: Sleeping          |    19 |    20 |    41 |   131 |   207 |   111 |     6 ||   535
       Confused          |     3 |     5 |    14 |    34 |   125 |   293 |    90 ||   564
       Distracted        |       |     1 |     1 |     2 |    11 |     9 |     1 ||    25
       Paralysed         |       |       |       |     1 |     4 |       |       ||     5
       Invisible         |       |       |       |       |    22 |    16 |     4 ||    42
       Fleeing           |       |       |       |       |       |     2 |       ||     2
  Eat: Ration            |       |     3 |     3 |     5 |     8 |    12 |     4 ||    35
Armor: Robe              |    26 |     9 |     6 |     2 |     4 |    31 |     6 ||    84
       Steam dragon scal |       |       |       |    23 |    15 |       |       ||    38
Dodge: Dodged            |   106 |   118 |   128 |   214 |   531 |   567 |   162 ||  1826
       Deflected         |       |       |       |       |       |       |     6 ||     6
Block: Buckler           |       |       |       |       |   123 |   282 |    70 ||   475

Table legend:
 A = Non-vault XP
 B = Vault XP
 C = Vault XP percentage of total XP
 D = Non-vault monster count
 E = Vault monster count
 F = Vault count percentage of total count
                 A         B        C        D         E       F
            +---------+---------+-------+---------+---------+-------
      Total |  235521 |  211585 |  47.3 |     824 |     540 |  39.6
            +---------+---------+-------+---------+---------+-------
        D:1 |      72 |       6 |   7.7 |      24 |       4 |  14.3
        D:2 |      33 |       0 |   0.0 |      10 |       0 |   0.0
        D:3 |      88 |       0 |   0.0 |      26 |       0 |   0.0
        D:4 |     240 |       0 |   0.0 |       7 |       0 |   0.0
        D:5 |     599 |     785 |  56.7 |      16 |       6 |  27.3
        D:6 |     690 |     646 |  48.4 |      20 |       3 |  13.0
        D:7 |     429 |    1008 |  70.1 |      10 |       6 |  37.5
        D:8 |     510 |     471 |  48.0 |      17 |       1 |   5.6
        D:9 |    2779 |       3 |   0.1 |      28 |       2 |   6.7
       D:10 |    1205 |    1412 |  54.0 |      20 |      33 |  62.3
       D:11 |    6386 |    3619 |  36.2 |      53 |       8 |  13.1
       D:12 |    8248 |       0 |   0.0 |      39 |       0 |   0.0
       D:13 |    1914 |    2636 |  57.9 |      11 |       5 |  31.2
       D:14 |    5226 |    4741 |  47.6 |      27 |       6 |  18.2
       D:15 |   10927 |    2343 |  17.7 |      32 |       3 |   8.6
     Lair:1 |    3981 |       0 |   0.0 |      21 |       0 |   0.0
     Lair:2 |    3021 |    5052 |  62.6 |      12 |      46 |  79.3
     Lair:3 |    5991 |    1574 |  20.8 |      19 |       4 |  17.4
     Lair:4 |    5045 |       0 |   0.0 |      26 |       0 |   0.0
     Lair:5 |    7796 |       0 |   0.0 |      31 |       0 |   0.0
     Lair:6 |    7021 |    7448 |  51.5 |      24 |      47 |  66.2
   Shoals:1 |   12263 |       0 |   0.0 |      25 |       0 |   0.0
   Shoals:2 |   13637 |       0 |   0.0 |      35 |       0 |   0.0
   Shoals:3 |   12563 |       0 |   0.0 |      24 |       0 |   0.0
   Shoals:4 |   11850 |   19933 |  62.7 |      24 |      36 |  60.0
    Snake:1 |   11665 |    3909 |  25.1 |      22 |      10 |  31.2
    Snake:2 |   11510 |    5230 |  31.2 |      24 |      10 |  29.4
    Snake:3 |   15760 |       0 |   0.0 |      26 |       0 |   0.0
    Snake:4 |   19060 |   45339 |  70.4 |      42 |      63 |  60.0
      Orc:1 |    2075 |       0 |   0.0 |      17 |       0 |   0.0
      Orc:2 |    5497 |   11847 |  68.3 |      25 |      65 |  72.2
      Elf:1 |   18153 |    6894 |  27.5 |      30 |      12 |  28.6
      Elf:2 |   13155 |   17940 |  57.7 |      27 |      24 |  47.1
      Elf:3 |    7637 |   26946 |  77.9 |      15 |      20 |  57.1
   Vaults:1 |    7798 |    4363 |  35.9 |      14 |       7 |  33.3
   Depths:1 |     697 |       0 |   0.0 |       1 |       0 |   0.0
      IceCv |       0 |    4241 | 100.0 |       0 |      37 | 100.0
    Volcano |       0 |    5491 | 100.0 |       0 |      25 | 100.0
 Desolation |       0 |   27708 | 100.0 |       0 |      57 | 100.0
            +---------+---------+-------+---------+---------+-------
